 Dungeon Crawl Stone Soup version 0.29-a0-284-gf9362112df (webtiles) character file.

Game seed: 16724720159858903362

582 spaghetti the Grave Robber (level 7, -2/41 HPs)
             Began as an Octopode Necromancer on Mar 22, 2022.
             Was an Initiate of Gozag.
             Slain by a troll (19 damage)
             ... on level 5 of the Dungeon.
             The game lasted 00:08:38 (6090 turns).

spaghetti the Grave Robber (Octopode Necromancer)   Turns: 6090, Time: 00:08:38

Health: -2/41      AC:  1    Str:  8    XL:     7   Next: 36%
Magic:  11/13      EV: 13    Int: 19    God:    Gozag
Gold:   235        SH:  0    Dex: 12    Spells: 1/14 levels left

rFire   + . .      SeeInvis .   k - +3 dagger (venom) {short}
rCold   + . .      Faith    .   (no shield)
rNeg    . . .      Spirit   .   (helmet restricted)
rPois   .          Reflect  .   (no amulet)
rElec   +          Harm     .   l - ring "Sain" {rElec rF+ rC+}
rCorr   .          Rampage  .   o - ring of willpower
Will    +....                   (no ring)
Stlth   ++++......              (no ring)
HPRegen 0.13/turn               (no ring)
MPRegen 0.13/turn               (no ring)
                                (no ring)
                                (no ring)

@: no status effects
A: almost no armour, amphibious, 8 rings, camouflage 1, gelatinous body 1,
(nimble swimmer 1), tentacles
a: Renounce Religion, Potion Petition, Call Merchant, Bribe Branch


You were on level 5 of the Dungeon.
You worshipped Gozag.
Gozag was aware of your devotion.
You visited 2 branches of the dungeon, and saw 6 of its levels.

You collected 291 gold pieces.
You paid 56 gold pieces to Gozag.


Innate Abilities, Weirdness & Mutations

You cannot wear most types of armour.
You are amphibious.
You can wear up to eight rings at the same time.
Your skin changes colour to match your surroundings (Stealth+).
Your rubbery body absorbs attacks. (AC +1, EV +1)
((You are camouflaged when in or above water. (Stealth+)))
You have tentacles for arms and can constrict up to eight enemies at once.


   Skills:
 + Level 2.6 Staves
 - Level 2.0 Dodging
 - Level 5.0 Stealth
 - Level 4.0 Spellcasting
 + Level 5.7 Necromancy
 + Level 3.1 Evocations


You had one spell level left.
You knew the following spells:

 Your Spells              Type           Power      Damage    Failure   Level
a - Pain                  Necr           100%       1d9       1%          1
b - Animate Dead          Necr           12%        N/A       13%         4
c - Vampiric Draining     Necr           25%        2d7       4%          3
d - Agony                 Necr           25%        N/A       36%         5

Your spell library contained the following spells:

 Spells                   Type           Power      Damage    Failure   Level
 Animate Skeleton         Necr           50%        N/A       1%          1
 Apportation              Tloc           6%         N/A       14%         1
 Beastly Appendage        Tmut           6%         N/A       14%         1
 Wereblood                Tmut           3%         N/A       21%         2
 Spider Form              Tmut/Pois      3%         N/A       38%         3
 Alistair's Intoxication  Tmut/Pois      2%         N/A       98%         5

Inventory:

Hand Weapons
 b - a +0 hunting sling {sling}
   (You found it on level 1 of the Dungeon)
 h - a +0 dagger {short}
   (You took it off a goblin on level 1 of the Dungeon)
 j - a +2 spear of venom {polearm}
   (You found it on level 2 of the Dungeon)
 k - a +3 dagger of venom (weapon) {short}
   (You took it off a goblin on level 2 of the Dungeon)
Missiles
 c - 170 stones {throwing}
 f - 5 poisoned darts {throwing}
Magical Staves
 e - a staff of death {!astaff}
   (You acquired it on level 3 of the Dungeon)
Jewellery
 l - the ring "Sain" (left tentacle) {rElec rF+ rC+}
   (You found it on level 2 of the Dungeon)

   [ring of protection from cold]

   rF:        It protects you from fire.
   rC:        It protects you from cold.
   rElec:     It insulates you from electricity.
 o - a ring of willpower (right tentacle)
   (You found it on level 4 of the Dungeon)
Wands
 n - a wand of digging (3)
   (You found it on level 2 of the Dungeon)
Scrolls
 i - 2 scrolls of magic mapping {!r}
 p - a scroll of amnesia
 s - a scroll of enchant armour
Potions
 a - a potion of magic
 r - 3 potions of curing {@q1}

Dungeon Overview and Level Annotations

Branches:
Dungeon (5/15)             Temple (1/1) D:4

Altars:
Cheibriados
Dithmenos
Elyvilon
Fedhas
Gozag
Nemelex Xobeh
Okawaru
Qazlal
Ru
Sif Muna
Trog
Uskayaw
Xom
Zin

Shops:
D:3 [

Annotations:
D:4 exclusion: door

#############
O...........####
................
........@.......
######.T.#.....
#...# ...
#########...# #
............#
########....##
...........>#
...####.....#
#.....#


You could see a troll.


Message History

There is a stone staircase leading down here. 😮 HP[+2]
You regained 2 hp, and now have 21/41 hp.
You climb downwards.
There is a stone staircase leading up here. 😮 HP[+1] Key pressed, stopping explore.
An orc comes into view. It is wielding a +0 dagger.
An orc is nearby! 😎 HP[+19]
Your hp is fully restored (41).
An orc is nearby!
The orc shouts!
The orc writhes in agony!
You kill the orc! 😕 HP[-1] MP[-1]
You take 1 damage, and now have 40/41 hp.
You lost 1 mp, and now have 12/13 mp.
No target in view!
An adder comes into view.
An adder is nearby!
An adder is nearby!
The adder writhes in agony! 😕 HP[-1] MP[-1]
You take 1 damage, and now have 39/41 hp.
You lost 1 mp, and now have 11/13 mp.
The adder writhes in agony.
You kill the adder!
Your Evocations skill increases to level 3!
No target in view! 😕 MP[-1]
You lost 1 mp, and now have 10/13 mp.
No target in view!
You now have 224 gold pieces (gained 6).
You now have 231 gold pieces (gained 7).
You see here a +0 dagger {short}. 😎 HP[+2] MP[+3]
Your hp is fully restored (41).
Your mp is fully restored (13).
Found a stone staircase leading down.
A jelly comes into view.
A jelly is nearby!
The jelly quivers.
The jelly writhes in agony. 😎 MP[-1]
You lost 1 mp, and now have 12/13 mp.
The jelly writhes in agony.
The jelly writhes in agony.
You hit the jelly.
Your tentacles burn!
The jelly hits you. The acid corrodes you!
You are splashed with acid! 😮 HP[-12] MP[-2]
You take 12 damage, and now have 29/41 hp.
MASSIVE DAMAGE!! (PAUSE)
You lost 2 mp, and now have 10/13 mp.
You hit the jelly but do no damage.
Your tentacles burn!
You squeeze the jelly.
You kill the jelly! 😮 HP[-2]
You take 2 damage, and now have 27/41 hp.
You now have 235 gold pieces (gained 4).
You start resting.
You are no longer corroded. 😮 HP[+2] MP[+3]
You regained 2 hp, and now have 29/41 hp.
Your mp is fully restored (13).
A troll is nearby!
A troll is nearby!
A troll is nearby! 😕 HP[+8]
You regained 8 hp, and now have 37/41 hp.
The troll shouts!
The troll writhes in agony. 😕 HP[-1] MP[-1]
You take 1 damage, and now have 36/41 hp.
You lost 1 mp, and now have 12/13 mp.
The troll writhes in agony.
The troll writhes in agony.
You closely miss the troll. Your squeeze misses the troll. The troll bites you!
* * * LOW HITPOINT WARNING * * *
The troll barely misses you. The troll misses you.
You are too injured to fight recklessly! 😨 HP[-18] MP[-2]
You take 18 damage, and now have 18/41 hp.
MASSIVE DAMAGE!! (PAUSE)
You lost 2 mp, and now have 10/13 mp.
Okay, then.
The troll attacks as you move away! The troll misses you.
The troll completely misses you. The troll misses you.
An ogre comes into view. It is wielding a +0 giant club.
As you read the scroll labelled KUAZXI XELUF, it crumbles to dust.
It is a scroll of enchant weapon.
Your +2 dagger of venom {short} glows red for a moment.
The troll closely misses you. The troll barely misses you. The troll claws you.
* * * LOW HITPOINT WARNING * * *
😨 HP[-1]
You take 1 damage, and now have 17/41 hp.
As you read the scroll labelled WANNA JEIJ, it crumbles to dust.
It is a scroll of enchant armour.
You aren't carrying any armour which can be enchanted further.
The troll bites you!!
You die...
Your body crumbles into a pile of gold.

Skill      XL: |  1  2  3  4  5  6  7 |
---------------+----------------------+-----
Stealth        | 3 4 5 |  5.0
Spellcasting   | 3 4 |  4.0
Staves         | 1 2 |  2.6
Necromancy     | 5 |  5.7
Evocations     | 1 2 3 |  3.1
Dodging        | |  2.0

Action                   |  1- 3 |  4- 6 |  7- 9 || total
-------------------------+-------+-------+-------++-------
Melee: Unarmed           |    12 |       |       ||    12
       Constrict         |    19 |    12 |     1 ||    32
       Tentacles         |    13 |    14 |     3 ||    30
       Punch             |     1 |       |       ||     1
       Dagger            |    42 |    57 |     5 ||   104
       Spear             |     2 |       |       ||     2
 Cast: Pain              |    40 |    42 |     9 ||    91
  Use: Potion            |       |     5 |       ||     5
       Scroll            |       |     6 |     3 ||     9
 Stab: Sleeping          |     2 |     4 |       ||     6
Armor: Skin              |     6 |     3 |       ||     9
Dodge: Dodged            |    35 |    40 |    10 ||    85

Levels and vault maps discovered:
D:1:      grunt_arrival_crossed_arrows, layout_basic,
          chequers_ecumenical_altar_lobes
D:2:      layout_basic, serial_bayou_pond_a, minivault_26, minmay_hedge_maze,
          minmay_split_cup_large
D:3:      layout_loops_ring, trog_three_pillars_becter, serial_shops,
          nicolae_shop_statue_plus
D:4:      layout_cave_pools, cheibrodos_worm_habitat,
          minmay_temple_entry_enclosed_plants, serial_bayou,
          serial_bayou_ford_a, serial_bayou_pond_d, serial_bayou_lake_a,
          serial_bayou_lagoon_a, serial_bayou_pond_a
D:5:      minmay_angry_zag, layout_basic, nicolae_overflow_crystal_walls,
          nicolae_overflow_hidden_temple, kennysheep_mini, moated_statue
Temple:   minmay_temple_bridge_abc

Notes
Turn   | Place    | Note
-------+----------+-------------------------------------------
     0 | D:1      | spaghetti the Octopode Necromancer began the quest for the
                  | Orb.
     0 | D:1      | Reached XP level 1. HP: 11/11 MP: 3/3
     0 | D:1      | magus.rc [v1.9.6]
    14 | D:1      | Reached skill level 3 in Stealth
   359 | D:1      | Reached XP level 2. HP: 12/17 MP: 1/5
   557 | D:1      | Reached skill level 4 in Stealth
  1145 | D:1      | You pick up a book of Changes and begin reading...
  1145 | D:1      | You add the spells Beastly Appendage, Wereblood and Spider
                  | Form to your library.
  1249 | D:1      | Reached XP level 3. HP: 19/21 MP: 3/6
  1499 | D:1      | Reached skill level 5 in Stealth
  1681 | D:1      | Found a faded altar of an unknown god.
  2277 | D:2      | Reached XP level 4. HP: 25/27 MP: 5/8
  2278 | D:2      | Identified the ring "Sain" {rElec rF+ rC+}
  3125 | D:3      | Reached skill level 3 in Spellcasting
  3138 | D:3      | Found a bloodstained altar of Trog.
  3380 | D:3      | Noticed a sky beast
  3391 | D:3      | HP: 5/27 [something (4)]
  3393 | D:3      | Killed a sky beast
  3394 | D:3      | Reached XP level 5. HP: 5/31 MP: 5/10
  3934 | D:3      | Found Wiusih's Armour Boutique.
  4001 | D:3      | You pick up a book of Party Tricks and begin reading...
  4001 | D:3      | You add the spells Apportation and Alistair's Intoxication
                  | to your library.
  4098 | D:4      | Noticed a phantom
  4125 | D:3      | Identified a scroll of acquirement
  4125 | D:3      | Acquired a staff of death
  4631 | D:4      | Reached skill level 1 in Staves
  4631 | D:4      | Reached skill level 5 in Necromancy
  4631 | D:4      | Reached skill level 1 in Evocations
  4631 | D:4      | Reached XP level 6. HP: 36/36 MP: 11/11
  4652 | D:4      | Reached skill level 4 in Spellcasting
  4686 | D:4      | Learned a level 4 spell: Animate Dead
  4690 | D:4      | Learned a level 3 spell: Vampiric Draining
  4696 | D:4      | Learned a level 5 spell: Agony
  4751 | D:4      | Found a staircase to the Ecumenical Temple.
  4757 | Temple   | Entered the Ecumenical Temple
  4817 | Temple   | Became a worshipper of Gozag Ym Sagoz the Greedy
  5128 | D:4      | Reached skill level 2 in Evocations
  5160 | D:4      | Found a snail-covered altar of Cheibriados.
  5536 | D:5      | Entered Level 5 of the Dungeon
  5542 | D:5      | Reached skill level 2 in Staves
  5571 | D:5      | Reached XP level 7. HP: 35/41 MP: 13/13
  5642 | D:5      | Noticed a troll
  5931 | D:5      | Reached skill level 3 in Evocations
  6090 | D:5      | Slain by a troll

Vanquished Creatures
  A sky beast (D:3)
  An ogre (D:4)
  4 scorpions
  A jelly (D:5)
  An iguana (D:4)
  3 adders
  An ufetubus (D:4)
  2 worms
  3 dart slugs
  2 orcs
  3 endoplasms
  3 giant cockroaches
  6 goblins
  8 hobgoblins
  9 jackals
  2 quokkas
  13 ball pythons
  5 bats
  2 frilled lizards
  7 kobolds
  7 rats
84 creatures vanquished.

Vanquished Creatures (others)
  A plant (D:4)
1 creature vanquished.

Grand Total: 85 creatures vanquished

Table legend:
 A = Non-vault XP
 B = Vault XP
 C = Vault XP percentage of total XP
 D = Non-vault monster count
 E = Vault monster count
 F = Vault count percentage of total count
                 A         B        C        D         E       F
            +---------+---------+-------+---------+---------+-------
      Total |     826 |       6 |   0.7 |      80 |       4 |   4.8
            +---------+---------+-------+---------+---------+-------
        D:1 |      56 |       0 |   0.0 |      31 |       0 |   0.0
        D:2 |      29 |       6 |  17.1 |      15 |       4 |  21.1
        D:3 |     168 |       0 |   0.0 |      16 |       0 |   0.0
        D:4 |     422 |       0 |   0.0 |      13 |       0 |   0.0
        D:5 |     151 |       0 |   0.0 |       5 |       0 |   0.0
            +---------+---------+-------+---------+---------+-------

Illustrated notes

Table legend:
 A = Kills in this place as a percentage of kills in entire the game.
 B = Kills by you in this place as a percentage of kills by you in the entire game.
 C = Kills by friends in this place as a percentage of kills by friends in the entire game.
 D = Other kills in this place as a percentage of other kills in the entire game.
 E = Experience gained in this place as a percentage of experience gained in the entire game.
 F = Experience gained in this place divided by the number of levels of this place that you have seen.
                   A       B       C       D       E      F
               +-------+-------+-------+-------+-------+----------------------
         Total | 100.0 | 100.0 |   N/A |   N/A | 100.0 | 138.7
       Dungeon | 100.0 | 100.0 |   N/A |   N/A | 100.0 | 166.4
               +-------+-------+-------+-------+-------+----------------------

Table legend: (Time is in decaauts)
 A = Elapsed time spent in this place.
 B = Non-inter-level travel time spent in this place.
 C = Inter-level travel time spent in this place.
 D = Time resting spent in this place.
 E = Time spent auto-exploring this place.
 F = Levels seen in this place.
 G = Mean time per level.
                   A        B        C        D        E       F      G
               +--------+--------+--------+--------+--------+-----+--------+
         Total |   6072 |   5841 |    231 |   1081 |   4154 |   6 | 1012.0 |
       Dungeon |   5991 |   5780 |    211 |   1081 |   4120 |   5 | 1198.2 |
        Temple |     80 |     60 |     20 |      0 |     34 |   1 |   80.0 |
               +--------+--------+--------+--------+--------+-----+--------+

Top non-repeatable levels by time:
     D:1: 1868 daAuts
     D:2: 1312 daAuts
     D:4: 1202 daAuts
     D:3: 1162 daAuts
     D:5: 445 daAuts
  Temple: 80 daAuts
